 Dungeon Crawl Stone Soup version 0.30.1-9-gdf580d7c3d (webtiles) character file.

Game seed: 3679103987229406241

2 leafyfresh the Sneak (level 1, -1/20 HPs)
             Began as a Minotaur Delver on Oct 26, 2023.
             Slain by a gnoll
             ... wielding a +0 whip
             ... led by a gnoll bouda
              (6 damage)
             ... on level 5 of the Dungeon.
             The game lasted 00:00:14 (57 turns).

leafyfresh the Sneak (Minotaur Delver)                Turns: 57, Time: 00:00:14

Health: -1/20      AC:  3    Str: 16    XL:     1   Next: 25%
Magic:  0/0        EV: 11    Int:  7    God:
Gold:   0          SH:  0    Dex: 11    Spells: 0/0 levels left

rFire   . . .        a - +0 short sword
rCold   . . .        (no shield)
rNeg    . . .        b - +0 leather armour
rPois   .            (helmet restricted)
rElec   .            (no cloak)
rCorr   .            (no gloves)
SInv    .            (no boots)
Will    .....        (no amulet)
Stlth   ++           (no ring)
HPRegen 0.23/turn    (no ring)
MPRegen 0.07/turn

%: no passive effects
@: no status effects
A: horns 2, retaliatory headbutt
a: no special abilities


You were on level 5 of the Dungeon.
You visited 1 branch of the dungeon, and saw 1 of its levels.

Inventory:

Hand Weapons
 a - a +0 short sword (weapon)
 i - a +0 club
Armour
 b - a +0 leather armour (worn)
Wands
 g - a wand of digging (3)
Scrolls
 c - a scroll of fog
 d - a scroll of magic mapping
 e - a scroll of fear
Potions
 f - a potion of haste
 h - 2 potions of berserk rage {unknown}


   Skills:
 + Level 3.6 Fighting
 + Level 2.2 Short Blades
 + Level 2.2 Dodging
 + Level 4.1 Stealth


You couldn't memorise any spells.
You didn't know any spells.
Your spell library was empty.

Dungeon Overview and Level Annotations

Branches:
Dungeon (5/15)
 Temple: D:4-7

Altars:
Elyvilon


Innate Abilities, Weirdness & Mutations

You have a pair of horns on your head.
You reflexively headbutt those who attack you in melee.


Message History

i - a +0 club
Found a stone staircase leading down.
A gnoll comes into view. It is wielding a +0 whip.
Found a white marble altar of Elyvilon.
The gnoll shouts!
A gnoll comes into view. It is wielding a +0 flail.
The gnoll moves out of view.
A gnoll is nearby!
A gnoll is nearby! 2 gnolls come into view.
The gnoll moves out of view. x2
The gnoll shouts!
A gnoll comes into view. It is wielding a +0 spear.
An orc comes into view. It is wielding a +0 club.
The orc shouts!
You hear a shout!
An orc comes into view. It is wielding a +0 dagger.
An orc comes into view. It is wielding a +0 mace.
The orc moves out of view.
An orc priest comes into view. It is wielding a +0 short sword.
The orc completely misses you.
The orc shouts!
You hit the orc. Your headbutt misses the orc.
The orc is heavily wounded.
You hear a shout!
You hit the orc.
You kill the orc!
You hit the orc priest but do no damage.
The orc priest closely misses you. You furiously retaliate!
You headbutt the orc priest! The gnoll hits you with a +0 whip.
The orc shouts!
You hit the orc priest but do no damage.
The orc priest is severely wounded.
The orc priest hits you with a +0 short sword.
The gnoll hits you with a +0 whip!
* * * LOW HITPOINT WARNING * * *
The gnoll closely misses you.
You hit the orc priest but do no damage.
The orc priest is severely wounded.
The gnoll hits you with a +0 whip.
You die...

....#...#.#.#...#........#
#.#...#...#...#...###.####
....#.#.#...#.#.#.# #
..###############.# #.##.#
#.# #.# ..##.#######.# #..
..##.##...##.# ##
..#...#.#....########.#
......gg..##.ggg@oo...#
###...############.#o.#
###.# # #.# ... ####


You could see an orc priest, 3 gnolls and 2 orcs.

Vanquished Creatures
  An orc (D:5)
1 creature vanquished.

Vanquished Creatures (others)
  A quokka (D:5)
1 creature vanquished.

Grand Total: 2 creatures vanquished

Notes
Turn   | Place    | Note
-------+----------+-------------------------------------------
     0 | D:5      | leafyfresh the Minotaur Delver began the quest for the Orb.
     0 | D:5      | Reached XP level 1. HP: 19/19 MP: 0/0
    33 | D:5      | Found a white marble altar of Elyvilon.
    51 | D:5      | Noticed an orc priest
    57 | D:5      | Slain by a gnoll

Illustrated notes

Levels and vault maps discovered:
D:5:      layout_loops_ring, mainiacjoe_overflow_chevrons, elyvilon_altar_4,
          nicolae_ashenzari_panopticon,
          nicolae_uskayaw_murder_on_the_dancefloor, nemelex_dance_club_becter,
          mainiacjoe_overflow_alcove_1, minmay_temple_entry_large_hall,
          serial_shops, kennysheep_little_box, minmay_misc_feat_alley

Action                     || total
---------------------------++-------
  Melee: Short sword       ||     5
  Dodge: Dodged            ||     3
